[Event "FIDE WCCC Open-08 2024"]
[Site "Montesilvano"]
[Date "2024.11.23"]
[Round "8.12"]
[White "Wang, Yihan(Ah)"]
[Black "Hu, Junyan"]
[Result "0-1"]
[ECO "B22"]
[WhiteElo "1630"]
[BlackElo "1924"]
[Annotator "RC"]
[PlyCount "120"]
[EventDate "2024.11.18"]
[EventType "swiss"]
[EventCountry "ITA"]
[SourceTitle "playchess.com"]
[Source "ChessBase"]
[SourceQuality "1"]
[TimeControl "5400+30"]

1. e4 c5 2. c3 d5 3. exd5 Qxd5 4. d4 Nf6 5. Nf3 e6 6. Be2 Nc6 7. Be3 cxd4 8. cxd4 Be7 9. Nc3 Qd6 10. O-O O-O 11. Qb3 b6 12. Rfd1 Bb7 13. Rac1 Na5 14. Qc2 Rac8 15. Ne5 Nd5 16. Qd2 Nxc3 17. bxc3 f6 18. Nf3 Nc4 19. Bxc4 Rxc4 20. Bf4 Qd7 21. Qe2 Rfc8 22. Qe3 Bd5 23. Nd2 R4c6 24. Qd3 Bxa2 25. Qb5 Bd5 26. c4 Qb7 27. Rc3 a6 28. Qb3 a5 29. Re3 Bxc4 30. Nxc4 Rxc4 31. Rxe6 Bb4 32. Re8+ Rxe8 33. Qxc4+ Qf7 34. Qb5 Qe6 35. h3 Qe2 36. Qxe2 Rxe2 37. d5 Re7 38. d6 Rd7 39. Kf1 Kf7 40. g4 Ke6 41. Rb1 Kd5 42. Rd1+ Kc6 43. Rc1+ Bc5 44. Ke2 Rd8 45. Kf3 Re8 46. Rd1 Kd7 47. h4 a4 48. Ra1 a3 49. Bc1 Ra8 50. Ke4 Ra4+ 51. Kf3 b5 52. Ke2 b4 53. Kd3 b3 54. Kc3 Bd4+ 55. Kxb3 Bxa1 56. Kxa4 Bb2 57. Bxb2 axb2 58. Ka5 b1=Q 59. Ka6 Kc6 60. Ka5 Qb5# 0-1

[Event "FIDE WCCC Open-08 2024"]
[Site "Montesilvano"]
[Date "2024.11.23"]
[Round "8.13"]
[White "Rajabov, Abdurahmon"]
[Black "Zhang, Yangming"]
[Result "1-0"]
[ECO "B34"]
[WhiteElo "1515"]
[BlackElo "1770"]
[Annotator "NA RC"]
[PlyCount "43"]
[EventDate "2024.11.18"]
[EventType "swiss"]
[EventCountry "ITA"]
[SourceTitle "playchess.com"]
[Source "ChessBase"]
[SourceQuality "1"]
[TimeControl "5400+30"]

1. e4 c5 2. Nf3 Nc6 3. Nc3 g6 4. d4 cxd4 5. Nxd4 Bg7 6. Be3 Nf6 7. Nxc6 bxc6 8. e5 Ng8 9. f4 d6 10. Bc4 d5 11. Bb3 Ba6 12. Ba4 Rc8 13. Qxd5 Qxd5 14. Nxd5 Bb5 15. Bxb5 cxb5 16. O-O-O e6 17. Nc3 a6 18. Ne4 Rc6 19. Bc5 Ne7 20. Nd6+ Kf8 21. Nb7 Rxc5 22. Rd8# 1-0

[Event "FIDE WCCC Open-08 2024"]
[Site "Montesilvano"]
[Date "2024.11.23"]
[Round "8.14"]
[White "Alloussi, Arian"]
[Black "Morozov, Arkhip"]
[Result "1/2-1/2"]
[ECO "C42"]
[WhiteElo "1745"]
[BlackElo "1687"]
[Annotator "NA RC"]
[PlyCount "73"]
[EventDate "2024.11.18"]
[EventType "swiss"]
[EventCountry "ITA"]
[SourceTitle "playchess.com"]
[Source "ChessBase"]
[SourceQuality "1"]
[TimeControl "5400+30"]

1. e4 e5 2. Nf3 Nf6 3. Nxe5 d6 4. Nf3 Nxe4 5. Bd3 Nf6 6. O-O Be7 7. h3 Nc6 8. c3 O-O 9. Bc2 d5 10. d4 h6 11. Re1 Bd6 12. Ne5 Re8 13. Bf4 Ne7 14. Nd2 Bf5 15. Nf1 Bxc2 16. Qxc2 Nd7 17. Ng3 f6 18. Ng6 Bxf4 19. Nxf4 Nf8 20. Nf5 Nxf5 21. Qxf5 c6 22. Qg4 Qd7 23. Qxd7 Nxd7 24. f3 Kf7 25. Kf2 Nf8 26. Nd3 Nd7 27. b3 Rxe1 28. Rxe1 Re8 29. Rxe8 Kxe8 30. Ke3 Kf7 31. g4 g6 32. h4 g5 33. hxg5 hxg5 34. f4 Ke6 35. b4 b5 36. Kf3 Kd6 37. Ke3 1/2-1/2

[Event "FIDE WCCC Open-08 2024"]
[Site "Montesilvano"]
[Date "2024.11.23"]
[Round "8.15"]
[White "Pera, Mikolaj"]
[Black "Su, Milo"]
[Result "1/2-1/2"]
[ECO "B45"]
[WhiteElo "1446"]
[BlackElo "1696"]
[Annotator "NA RC"]
[PlyCount "92"]
[EventDate "2024.11.18"]
[EventType "swiss"]
[EventCountry "ITA"]
[SourceTitle "playchess.com"]
[Source "ChessBase"]
[SourceQuality "1"]
[TimeControl "5400+30"]

1. e4 c5 2. Nf3 Nc6 3. d4 cxd4 4. Nxd4 Nf6 5. Nc3 e6 6. Ndb5 Bc5 7. Nd6+ Ke7 8. Bf4 e5 9. Nf5+ Kf8 10. Be3 Bb4 11. Nd6 Qa5 12. Qd3 Kg8 13. Nc4 Qc7 14. Be2 b6 15. O-O Ba6 16. Nd5 Nxd5 17. Qxd5 Rc8 18. Nxe5 Qxe5 19. Bxa6 Re8 20. Qxe5 Nxe5 21. Bb5 h5 22. f3 Kh7 23. Rad1 Rd8 24. Rd5 Rhe8 25. Rfd1 f5 26. Bd4 Nc6 27. Rxf5 Nxd4 28. Rxd4 Bc5 29. Rxh5+ Kg6 30. Rhd5 Re5 31. c3 d6 32. Rxc5 bxc5 33. Rd2 Kf6 34. Bc6 g5 35. Bd5 Rb8 36. Kf2 Rb6 37. Kg3 Re8 38. Kf2 Ke5 39. Ke3 Rf8 40. h3 Rf6 41. Rc2 Rb8 42. Rd2 Rbf8 43. Rd1 a5 44. Rd2 Rb8 45. Bc4 Rff8 46. Rd5+ Kf6 1/2-1/2

[Event "FIDE WCCC Open-08 2024"]
[Site "Montesilvano"]
[Date "2024.11.23"]
[Round "8.16"]
[White "Jevglevski, Lev"]
[Black "Charyyev Charyhekim"]
[Result "1/2-1/2"]
[ECO "C41"]
[WhiteElo "1602"]
[BlackElo "1589"]
[Annotator "NA RC"]
[PlyCount "123"]
[EventDate "2024.11.18"]
[EventType "swiss"]
[EventCountry "ITA"]
[SourceTitle "playchess.com"]
[Source "ChessBase"]
[SourceQuality "1"]
[TimeControl "5400+30"]

1. e4 d6 2. d4 Nf6 3. Nc3 Nbd7 4. Nf3 e5 5. Bc4 Be7 6. O-O c6 7. a4 O-O 8. Re1 h6 9. h3 Re8 10. Be3 Bf8 11. Qe2 a5 12. Rad1 Qc7 13. Qd3 exd4 14. Qxd4 Ne5 15. Be2 Ng6 16. Nd2 c5 17. Qd3 Ne5 18. Nb5 Nxd3 19. Nxc7 Nxe1 20. Rxe1 Bd7 21. Nxa8 Rxa8 22. b3 Re8 23. Bd3 d5 24. exd5 Nxd5 25. Nc4 Nb4 26. Nxa5 Nxd3 27. cxd3 b5 28. axb5 Bxb5 29. Rc1 Bxd3 30. Bxc5 Rc8 31. Be3 Rxc1+ 32. Bxc1 Bc5 33. Be3 Bb4 34. Nc6 Bc3 35. Bc5 Be4 36. Ne7+ Kh7 37. b4 Bf6 38. Nc8 Bd3 39. Nd6 Kg6 40. f4 Be7 41. Nc8 Bd8 42. Kf2 Kf6 43. Bd4+ Ke6 44. Nb6 Bxb6 45. Bxb6 Bb5 46. Bc5 Kf5 47. Ke3 Bf1 48. g4+ Kg6 49. h4 h5 50. g5 Kf5 51. Be7 Ke6 52. Bc5 g6 53. Bd4 Kd5 54. Bc3 Bb5 55. Be1 Bd7 56. Kd3 Be6 57. Bf2 Kc6 58. Kd4 Kb5 59. Be1 Bc4 60. f5 Ba2 61. Ke5 Bb1 62. f6 1/2-1/2

[Event "FIDE WCCC Open-08 2024"]
[Site "Montesilvano"]
[Date "2024.11.23"]
[Round "8.18"]
[White "Nguyen Phuc Cao Danh"]
[Black "Lan, Kai Zhou"]
[Result "1-0"]
[ECO "B48"]
[WhiteElo "1627"]
[BlackElo "1784"]
[Annotator "NA RC"]
[PlyCount "159"]
[EventDate "2024.11.18"]
[EventType "swiss"]
[EventCountry "ITA"]
[SourceTitle "playchess.com"]
[Source "ChessBase"]
[SourceQuality "1"]
[TimeControl "5400+30"]

1. e4 c5 2. Nf3 e6 3. d4 cxd4 4. Nxd4 Nc6 5. Be2 Qc7 6. Nb5 Qb8 7. O-O a6 8. Nd4 Nf6 9. Nc3 b5 10. a3 Bb7 11. Be3 Qc7 12. Kh1 Ne5 13. f4 Nc4 14. Bxc4 Qxc4 15. Qd3 Nxe4 16. Nxe4 Qd5 17. Nxb5 axb5 18. Qxd5 Bxd5 19. Nc3 Bc6 20. Ne2 Rc8 21. c3 Bd6 22. Rfd1 Bd5 23. Nd4 Bc5 24. Nf5 Bxe3 25. Nxe3 Bb3 26. Rd4 Ke7 27. Rb4 Ba4 28. Re1 Rc5 29. b3 Kd6 30. bxa4 bxa4 31. c4 Ra8 32. Rd1+ Kc7 33. Rdb1 Ra7 34. Rb5 Kc6 35. Rb6+ Kc7 36. R1b5 Rxb5 37. Rxb5 Kc6 38. Nc2 Rb7 39. Nb4+ Kc7 40. Na6+ Kc6 41. Rxb7 Kxb7 42. Nc5+ Kc6 43. Nxa4 d5 44. Nb2 Kc5 45. cxd5 Kxd5 46. a4 f6 47. Kg1 h5 48. Kf2 g6 49. h4 Kc5 50. a5 Kb5 51. Nd3 Kxa5 52. Nc5 Kb5 53. Nxe6 f5 54. Nf8 Kc6 55. Nxg6 Kd6 56. Ke3 Ke6 57. Kd4 Kf6 58. Kd5 Kxg6 59. Ke6 Kh6 60. Kxf5 Kg7 61. Kg5 Kf7 62. Kxh5 Kg7 63. f5 Kf7 64. Kh6 Kg8 65. g4 Kh8 66. Kg6 Kg8 67. f6 Kh8 68. h5 Kg8 69. h6 Kh8 70. Kf7 Kh7 71. g5 Kh8 72. h7 Kxh7 73. g6+ Kh6 74. g7 Kg5 75. g8=Q+ Kf5 76. Ke7 Ke5 77. f7 Kd5 78. f8=Q+ Ke4 79. Qc4+ Ke3 80. Qff4# 1-0

[Event "FIDE WCCC Open-08 2024"]
[Site "Montesilvano"]
[Date "2024.11.23"]
[Round "8.19"]
[White "Singh, Ian Avery"]
[Black "Zhanabayev, Arystan"]
[Result "1-0"]
[ECO "B38"]
[WhiteElo "1713"]
[BlackElo "1524"]
[Annotator "NA RC"]
[PlyCount "115"]
[EventDate "2024.11.18"]
[EventType "swiss"]
[EventCountry "ITA"]
[SourceTitle "playchess.com"]
[Source "ChessBase"]
[SourceQuality "1"]
[TimeControl "5400+30"]

1. e4 c5 2. Nf3 Nc6 3. d4 cxd4 4. Nxd4 g6 5. c4 Bg7 6. Be3 Qb6 7. Nb5 Qa5+ 8. Bd2 Qd8 9. N1c3 Nf6 10. Be2 O-O 11. O-O a6 12. Na3 d6 13. Be3 Be6 14. f3 Rc8 15. Rc1 Ne5 16. b3 Qa5 17. Qd2 Nc6 18. Nc2 Nh5 19. b4 Qd8 20. Nd5 Ne5 21. Nd4 Bd7 22. Nb3 Nf6 23. Bb6 Qe8 24. Na5 Bc6 25. b5 Bxd5 26. exd5 Ned7 27. Be3 b6 28. Nc6 axb5 29. cxb5 Nc5 30. Rfe1 Qd7 31. Bf1 Rfe8 32. Rcd1 Rc7 33. Bxc5 dxc5 34. Ne5 Qd8 35. Bc4 Qd6 36. Qc1 Nd7 37. Nxf7 Kxf7 38. Re6 Bd4+ 39. Kh1 Qe5 40. Rxe5 Nxe5 41. d6+ Nxc4 42. Qxc4+ e6 43. dxc7 Ke7 44. Rxd4 cxd4 45. c8=Q Rxc8 46. Qxc8 Kd6 47. Qc6+ Ke5 48. Qxb6 d3 49. Qe3+ Kd5 50. Qxd3+ Kc5 51. a4 Kb6 52. Qd4+ Ka5 53. Qd8+ Kb4 54. b6 Ka3 55. b7 Ka2 56. b8=Q Ka1 57. Qd4+ Ka2 58. Qbb2# 1-0

[Event "FIDE WCCC Open-08 2024"]
[Site "Montesilvano"]
[Date "2024.11.23"]
[Round "8.20"]
[White "Kapitanski, Furion"]
[Black "Sivan, Leeor"]
[Result "1-0"]
[ECO "C54"]
[WhiteElo "1707"]
[BlackElo "1464"]
[Annotator "NA RC"]
[PlyCount "79"]
[EventDate "2024.11.18"]
[EventType "swiss"]
[EventCountry "ITA"]
[SourceTitle "playchess.com"]
[Source "ChessBase"]
[SourceQuality "1"]
[TimeControl "5400+30"]

1. e4 e5 2. Nf3 Nc6 3. Bc4 Bc5 4. d3 Nf6 5. O-O a6 6. c3 O-O 7. Bb3 Ba7 8. Nbd2 d6 9. Re1 Ne7 10. Nf1 Ng6 11. Ng3 h6 12. d4 Re8 13. Bc2 Bg4 14. Be3 Qd7 15. h3 Bxf3 16. Qxf3 Nh4 17. Qe2 d5 18. dxe5 Rxe5 19. Bd4 Rg5 20. Bxa7 Rxa7 21. exd5 g6 22. Qe3 Ra8 23. Qd4 Nh5 24. Qxh4 Qxd5 25. Ne4 Rf5 26. Rad1 Qc6 27. Rd8+ Rxd8 28. Qxd8+ Kg7 29. Ng3 Rg5 30. Nxh5+ gxh5 31. g3 Qf3 32. Qxc7 h4 33. Re3 Qf6 34. Bb3 Qg6 35. Bxf7 Qb1+ 36. Kg2 hxg3 37. Bh5+ Kh8 38. Re8+ Rg8 39. Qe5+ Kh7 40. Re7+ 1-0

[Event "FIDE WCCC Open-08 2024"]
[Site "Montesilvano"]
[Date "2024.11.23"]
[Round "8.21"]
[White "Mudriievskyi, Jan"]
[Black "Mankovich, Yoav"]
[Result "0-1"]
[ECO "C45"]
[WhiteElo "1682"]
[BlackElo "1490"]
[Annotator "NA RC"]
[PlyCount "78"]
[EventDate "2024.11.18"]
[EventType "swiss"]
[EventCountry "ITA"]
[SourceTitle "playchess.com"]
[Source "ChessBase"]
[SourceQuality "1"]
[TimeControl "5400+30"]

1. e4 e5 2. Nf3 Nc6 3. d4 exd4 4. Nxd4 Bb4+ 5. c3 Bc5 6. Nxc6 bxc6 7. b4 Bb6 8. Bc4 Qh4 9. O-O Nf6 10. Nd2 Ng4 11. Nf3 Nxf2 12. Qe2 Nxe4+ 13. Be3 Qe7 14. Bxb6 axb6 15. Bxf7+ Kd8 16. Rae1 d5 17. Nd4 Bd7 18. c4 Qxb4 19. Nxc6+ Bxc6 20. cxd5 Bb5 21. Qg4 Qd4+ 22. Kh1 Nf2+ 23. Rxf2 Qxg4 24. Be6 Qd4 25. Rf7 Qd2 26. Rg1 Qb4 27. Rxg7 Rf8 28. Rxh7 Ra7 29. d6 Qxd6 30. Bg4 Rxa2 31. Rh5 Be2 32. Bf5 Bxh5 33. Bb1 Rd2 34. Be4 Rd1 35. g3 Rxg1+ 36. Kxg1 Qd1+ 37. Kg2 Bf3+ 38. Kf2 Qe2+ 39. Kg1 Qg2# 0-1

[Event "FIDE WCCC Open-08 2024"]
[Site "Montesilvano"]
[Date "2024.11.23"]
[Round "8.22"]
[White "Batbileg, Boldbaatar"]
[Black "Le Doan, Minh Thuc"]
[Result "1/2-1/2"]
[ECO "E11"]
[WhiteElo "1623"]
[BlackElo "1677"]
[Annotator "NA RC"]
[PlyCount "207"]
[EventDate "2024.11.18"]
[EventType "swiss"]
[EventCountry "ITA"]
[SourceTitle "playchess.com"]
[Source "ChessBase"]
[SourceQuality "1"]
[TimeControl "5400+30"]

1. d4 Nf6 2. c4 e6 3. Nf3 Bb4+ 4. Nbd2 b6 5. a3 Bxd2+ 6. Nxd2 Bb7 7. e3 d6 8. Bd3 Nbd7 9. O-O O-O 10. e4 e5 11. d5 Nc5 12. Bc2 a5 13. b3 Qd7 14. Bb2 b5 15. f4 Ng4 16. Qf3 exf4 17. Qxf4 f6 18. cxb5 Ne5 19. Qg3 Qxb5 20. Nf3 Nxb3 21. Nxe5 Nxa1 22. Bxa1 dxe5 23. Bb3 Kh8 24. Rc1 Rad8 25. a4 Qb6+ 26. Kh1 c6 27. Rd1 cxd5 28. exd5 Rd6 29. Bb2 Bxd5 30. Ba3 Qxb3 31. Qxb3 Bxb3 32. Rxd6 Bxa4 33. Ra6 Rd8 34. h3 e4 35. Rxa5 Bc6 36. Rc5 Ba8 37. Rc3 Kg8 38. Bb4 Kf7 39. Kh2 f5 40. Kg3 Rd3+ 41. Rxd3 exd3 42. Kf2 h5 43. g3 Ke6 44. Ke3 Be4 45. h4 Kd5 46. Bd2 Ke6 47. Bc3 Kf7 48. Kf4 g6 49. Kg5 Bf3 50. Kf4 Bg4 51. Ke3 Be2 52. Ba1 Ke6 53. Bh8 Kd5 54. Bc3 Kc4 55. Ba5 Kd5 56. Bc3 Ke6 57. Bh8 Kd5 58. Bc3 Ke6 59. Bh8 Kf7 60. Bc3 Kg8 61. Bd2 Kg7 62. Bc3+ Kh6 63. Kf4 Kh7 64. Kg5 Bf3 65. Kf4 Bd5 66. Kg5 Bf7 67. Kf4 Kg8 68. Ke3 Bc4 69. Kd4 Ba6 70. Bd2 Kf7 71. Ke5 Bb5 72. Bb4 Bc6 73. Bc3 Bf3 74. Bd2 Ke7 75. Bb4+ Kd7 76. Kf6 Bg4 77. Ke5 Kc6 78. Kd4 Kb5 79. Bd2 Be2 80. Bc3 Kc6 81. Bd2 Kd6 82. Bb4+ Ke6 83. Bd2 Kf6 84. Kd5 Bf3+ 85. Kd4 Be4 86. Bg5+ Ke6 87. Bd2 Kd6 88. Bg5 Kc6 89. Bf4 Kb5 90. Bd2 Ka4 91. Bc3 Kb3 92. Bd2 Kc2 93. Ke3 Bf3 94. Ba5 Be2 95. Bd2 Kb3 96. Ba5 Kc4 97. Bd2 Kd5 98. Kf4 Kd4 99. Be1 d2 100. Bxd2 Kd3 101. Bb4 Bg4 102. Kg5 Ke2 103. Kxg6 Kf2 104. Bd6 1/2-1/2

[Event "FIDE WCCC Open-08 2024"]
[Site "Montesilvano"]
[Date "2024.11.23"]
[Round "8.23"]
[White "Muratshin, Ramazan"]
[Black "Ok, Miro"]
[Result "1-0"]
[ECO "B42"]
[WhiteElo "1597"]
[BlackElo "1656"]
[Annotator "NA RC"]
[PlyCount "131"]
[EventDate "2024.11.18"]
[EventType "swiss"]
[EventCountry "ITA"]
[SourceTitle "playchess.com"]
[Source "ChessBase"]
[SourceQuality "1"]
[TimeControl "5400+30"]

1. e4 c5 2. Nf3 e6 3. d4 cxd4 4. Nxd4 a6 5. Bd3 Bc5 6. Nb3 Be7 7. Nc3 d6 8. O-O Nd7 9. Qe2 Ngf6 10. Bf4 b5 11. Rad1 O-O 12. e5 dxe5 13. Bxe5 Qb6 14. Bd4 Qc7 15. Rfe1 Bb7 16. Ne4 Nxe4 17. Bxe4 Bxe4 18. Qxe4 Nf6 19. Qe2 Rac8 20. c3 Rfd8 21. Qe5 Qxe5 22. Bxe5 Rd5 23. Bxf6 Rxd1 24. Rxd1 Bxf6 25. g3 Rd8 26. Rxd8+ Bxd8 27. Kf1 Kf8 28. Nc5 a5 29. Nb3 Bb6 30. Ke2 Ke7 31. Nd2 f5 32. Nf3 Kf6 33. Nd4 Bxd4 34. cxd4 e5 35. dxe5+ Kxe5 36. Ke3 g5 37. Kd3 Kd5 38. Ke3 Kc4 39. h3 h6 40. f4 Kd5 41. fxg5 hxg5 42. h4 f4+ 43. Kf3 fxg3 44. hxg5 Ke5 45. Kxg3 Kf5 46. Kf3 Kxg5 47. Ke4 a4 48. Kd4 b4 49. Kc4 a3 50. b3 Kf4 51. Kxb4 Ke5 52. Kxa3 Kd6 53. Kb4 Kc6 54. a4 Kb6 55. a5+ Ka6 56. Kc5 Kb7 57. b4 Ka7 58. b5 Kb7 59. a6+ Ka8 60. Kc6 Kb8 61. b6 Ka8 62. b7+ Ka7 63. Kc7 Kxa6 64. b8=Q Ka5 65. Qb3 Ka6 66. Qb6# 1-0

[Event "FIDE WCCC Open-08 2024"]
[Site "Montesilvano"]
[Date "2024.11.23"]
[Round "8.24"]
[White "Nguyen Thanh San"]
[Black "Adilbek, Adinur"]
[Result "0-1"]
[ECO "D02"]
[WhiteElo "1493"]
[BlackElo "1651"]
[Annotator "NA RC"]
[PlyCount "60"]
[EventDate "2024.11.18"]
[EventType "swiss"]
[EventCountry "ITA"]
[SourceTitle "playchess.com"]
[Source "ChessBase"]
[SourceQuality "1"]
[TimeControl "5400+30"]

1. d4 Nf6 2. Bf4 d5 3. e3 c5 4. Nf3 Qb6 5. Nc3 Bf5 6. Na4 Qa5+ 7. c3 c4 8. b4 Qd8 9. Nc5 b6 10. Qa4+ Bd7 11. Nxd7 Qxd7 12. Qxd7+ Nbxd7 13. a4 e6 14. Be2 Ne4 15. Rc1 Nxc3 16. Rxc3 Bxb4 17. Kd2 Nf6 18. Kc2 Ne4 19. Rb1 Bxc3 20. Ng5 Nxg5 21. Bxg5 Ba5 22. e4 O-O 23. exd5 exd5 24. Bf3 Rfe8 25. Bxd5 Re2+ 26. Kd1 Re1+ 27. Kc2 Rxb1 28. Kxb1 Rc8 29. Be4 Bb4 30. d5 Bd6 0-1

[Event "FIDE WCCC Open-08 2024"]
[Site "Montesilvano"]
[Date "2024.11.23"]
[Round "8.25"]
[White "Huzela, Lukyan"]
[Black "Lau, Great Boyou"]
[Result "1-0"]
[ECO "B30"]
[WhiteElo "1651"]
[BlackElo "1514"]
[Annotator "NA RC"]
[PlyCount "91"]
[EventDate "2024.11.18"]
[EventType "swiss"]
[EventCountry "ITA"]
[SourceTitle "playchess.com"]
[Source "ChessBase"]
[SourceQuality "1"]
[TimeControl "5400+30"]

1. e4 c5 2. Nf3 Nc6 3. Bb5 e6 4. O-O Nge7 5. b3 a6 6. Be2 g6 7. Bb2 Rg8 8. Na3 Bg7 9. Nc4 Bxb2 10. Nxb2 d5 11. d3 d4 12. Nc4 b5 13. Nce5 Nxe5 14. Nxe5 f6 15. Ng4 Nc6 16. Bf3 e5 17. Nh6 Rg7 18. Bg4 Bxg4 19. Qxg4 Qd7 20. Qh4 Qe6 21. f4 Ke7 22. f5 Qd6 23. fxg6 hxg6 24. Rf2 Nb8 25. Raf1 Nd7 26. g4 Rf8 27. g5 Qe6 28. gxf6+ Nxf6 29. Qg5 b4 30. Rf3 a5 31. R3f2 Rh7 32. Rxf6 Rxf6 33. Rxf6 Qxf6 34. Ng8+ Kf7 35. Nxf6 Rh3 36. Nd5 Rf3 37. Qe7+ Kg8 38. Nf6+ Rxf6 39. Qxf6 Kh7 40. Kg2 Kh6 41. Kg3 Kh7 42. Kg4 c4 43. Kg5 c3 44. Qf7+ Kh8 45. Kxg6 a4 46. Qg7# 1-0

[Event "FIDE WCCC Open-08 2024"]
[Site "Montesilvano"]
[Date "2024.11.23"]
[Round "8.26"]
[White "Shroff, Dhairya Amit"]
[Black "Ranganathan, Aadith"]
[Result "0-1"]
[ECO "C56"]
[WhiteElo "1444"]
[BlackElo "1645"]
[Annotator "NA RC"]
[PlyCount "112"]
[EventDate "2024.11.18"]
[EventType "swiss"]
[EventCountry "ITA"]
[SourceTitle "playchess.com"]
[Source "ChessBase"]
[SourceQuality "1"]
[TimeControl "5400+30"]

1. e4 e5 2. Nf3 Nc6 3. d4 exd4 4. Bc4 Nf6 5. e5 d5 6. Bb5 Ne4 7. Nxd4 Bd7 8. Bxc6 bxc6 9. O-O Bc5 10. f3 Ng5 11. Be3 Ne6 12. f4 Qb8 13. f5 Nxd4 14. Bxd4 Bxd4+ 15. Qxd4 Qb6 16. c3 Rb8 17. Nd2 Qxd4+ 18. cxd4 Rxb2 19. Rab1 Rxb1 20. Rxb1 Ke7 21. Rb7 Ra8 22. Rxc7 Kd8 23. Rb7 Kc8 24. Rb3 Bxf5 25. Rc3 Kc7 26. Ra3 a6 27. Nb3 Bd3 28. Nc5 Bc4 29. Rf3 f6 30. Ne6+ Kd7 31. Nxg7 fxe5 32. dxe5 d4 33. Rf4 c5 34. Rf6 Rg8 35. Rd6+ Kc7 36. Nh5 Re8 37. Rh6 Rxe5 38. Rxh7+ Kc6 39. a4 d3 40. Rh6+ Be6 41. Nf4 d2 42. Rxe6+ Rxe6 43. Nxe6 d1=Q+ 44. Kf2 Qxa4 45. Ng7 Qd4+ 46. Kf3 Qxg7 47. g4 a5 48. h4 a4 49. h5 a3 50. Kf4 a2 51. g5 a1=Q 52. h6 Qae5+ 53. Kg4 Qexg5+ 54. Kf3 Qc3+ 55. Ke2 Qgd2+ 56. Kf1 Qcc1# 0-1

[Event "FIDE WCCC Open-08 2024"]
[Site "Montesilvano"]
[Date "2024.11.23"]
[Round "8.27"]
[White "Movsisyan, Samvel"]
[Black "Kuncoro, Leo"]
[Result "1-0"]
[ECO "D01"]
[WhiteElo "1604"]
[BlackElo "1726"]
[Annotator "NA RC"]
[PlyCount "127"]
[EventDate "2024.11.18"]
[EventType "swiss"]
[EventCountry "ITA"]
[SourceTitle "playchess.com"]
[Source "ChessBase"]
[SourceQuality "1"]
[TimeControl "5400+30"]

1. d4 Nf6 2. Nc3 d5 3. Bg5 Nbd7 4. e3 e6 5. Bd3 c5 6. Nf3 c4 7. Be2 h6 8. Bh4 b5 9. a3 a6 10. O-O Be7 11. Nd2 Bb7 12. Bg3 O-O 13. Bf3 Qb6 14. Re1 Rfe8 15. b3 Qa5 16. b4 Qb6 17. Rb1 Bc6 18. Nf1 a5 19. e4 dxe4 20. Nxe4 Nxe4 21. Bxe4 Bxe4 22. Rxe4 Nf6 23. Re3 Nd5 24. bxa5 Qxa5 25. Qg4 Nxe3 26. Nxe3 f5 27. Qg6 Bf6 28. Be5 Bxe5 29. dxe5 Qc7 30. Rxb5 Qf7 31. Qxf7+ Kxf7 32. Nxc4 Reb8 33. Rb3 Rxb3 34. cxb3 Rb8 35. b4 Ke7 36. Kf1 Kd7 37. Ke2 Kc6 38. Kd3 Rd8+ 39. Nd6 Ra8 40. Nc4 Rd8+ 41. Nd6 Ra8 42. Nc4 Rd8+ 43. Kc3 Kd5 44. Kb3 g5 45. a4 Kc6 46. Nd6 g4 47. b5+ Kb6 48. Kb4 Ra8 49. a5+ Kc7 50. a6 h5 51. Ka5 Rb8 52. a7 Ra8 53. b6+ Kc6 54. Ka6 f4 55. b7 Rd8 56. a8=Q Rb8 57. Qxb8 f3 58. Qc8+ Kd5 59. b8=Q Kxe5 60. Nc4+ Kf5 61. Qf8+ Ke4 62. Qfd6 e5 63. Qbf8 fxg2 64. Nd2# 1-0

[Event "FIDE WCCC Open-08 2024"]
[Site "Montesilvano"]
[Date "2024.11.23"]
[Round "8.29"]
[White "Chanishvili, Noa"]
[Black "Sahin, Bora"]
[Result "0-1"]
[ECO "D02"]
[WhiteElo "1553"]
[BlackElo "1703"]
[Annotator "NA RC"]
[PlyCount "120"]
[EventDate "2024.11.18"]
[EventType "swiss"]
[EventCountry "ITA"]
[SourceTitle "playchess.com"]
[Source "ChessBase"]
[SourceQuality "1"]
[TimeControl "5400+30"]

1. d4 d5 2. Nf3 Nf6 3. Bf4 Bf5 4. c4 c6 5. Qb3 Qb6 6. Qxb6 axb6 7. Bxb8 Rxb8 8. e3 e6 9. Nbd2 Ra8 10. a3 Ne4 11. Nxe4 Bxe4 12. Nd2 Bg6 13. cxd5 exd5 14. Be2 b5 15. O-O Bd6 16. Nf3 O-O 17. Rfc1 Ra5 18. Ra2 b4 19. a4 b3 20. Raa1 Rfa8 21. Bd1 Rxa4 22. Rxa4 Rxa4 23. Bxb3 Rb4 24. Ra1 Rxb3 25. Ra8+ Bf8 26. Ne5 Rxb2 27. h3 Bf5 28. g4 Be6 29. Rb8 Rb6 30. f4 g6 31. Re8 Kg7 32. h4 Bd6 33. g5 Bxe5 34. fxe5 Rb2 35. Re7 Re2 36. Rxb7 Rxe3 37. Rc7 Re4 38. Rxc6 Rxd4 39. Kf2 Rxh4 40. Rc3 Re4 41. Re3 Rxe3 42. Kxe3 h6 43. Kf4 hxg5+ 44. Kxg5 Bf5 45. Kf4 Kf8 46. Ke3 Ke7 47. Kf3 Ke6 48. Kf4 d4 49. Kf3 Kxe5 50. Ke2 Ke4 51. Kd2 d3 52. Kd1 Ke3 53. Ke1 d2+ 54. Kd1 Bg4+ 55. Kc2 d1=Q+ 56. Kc3 Qc1+ 57. Kb3 Kd4 58. Kb4 Qb1+ 59. Ka5 Kc5 60. Ka6 Qb6# 0-1

[Event "FIDE WCCC Open-08 2024"]
[Site "Montesilvano"]
[Date "2024.11.23"]
[Round "8.30"]
[White "Agar, Garig"]
[Black "Arsenijevic, Matija"]
[Result "1-0"]
[ECO "B12"]
[WhiteElo "1534"]
[BlackElo "1700"]
[Annotator "NA RC"]
[PlyCount "95"]
[EventDate "2024.11.18"]
[EventType "swiss"]
[EventCountry "ITA"]
[SourceTitle "playchess.com"]
[Source "ChessBase"]
[SourceQuality "1"]
[TimeControl "5400+30"]

1. e4 c6 2. d4 d5 3. e5 Bf5 4. Nd2 e6 5. Nb3 Nd7 6. Nf3 h6 7. Be2 Ne7 8. O-O Bh7 9. Be3 Nf5 10. Rc1 Be7 11. c4 O-O 12. cxd5 cxd5 13. Qd2 Qb6 14. Qa5 Rfc8 15. Bb5 Nf8 16. Nfd2 Qxa5 17. Nxa5 Nxe3 18. fxe3 Bg5 19. Kf2 a6 20. Be2 Bd8 21. Nxb7 Rcb8 22. Nxd8 Rxb2 23. Nc6 Rxd2 24. Ne7+ Kh8 25. Ke1 Rxa2 26. Rxf7 Ng6 27. Nxg6+ Bxg6 28. Re7 Rb8 29. Rxe6 Rbb2 30. Bxa6 Rxg2 31. Rxg6 Rxg6 32. Rc8+ Kh7 33. Bd3 Rxh2 34. e6 Rh1+ 35. Kd2 Rh2+ 36. Kc3 Rh1 37. e7 Rc1+ 38. Bc2 Rxc2+ 39. Kxc2 Re6 40. e8=Q Rxe8 41. Rxe8 g5 42. Re6 h5 43. Kd2 g4 44. Ke2 h4 45. Kf2 h3 46. Kg3 Kg7 47. Ra6 Kf7 48. Kxg4 1-0

[Event "FIDE WCCC Open-08 2024"]
[Site "Montesilvano"]
[Date "2024.11.23"]
[Round "8.31"]
[White "Reclik, Jakub"]
[Black "Petrenko, Tymofii"]
[Result "1/2-1/2"]
[ECO "B76"]
[WhiteElo "1458"]
[BlackElo "1678"]
[Annotator "NA RC"]
[PlyCount "84"]
[EventDate "2024.11.18"]
[EventType "swiss"]
[EventCountry "ITA"]
[SourceTitle "playchess.com"]
[Source "ChessBase"]
[SourceQuality "1"]
[TimeControl "5400+30"]

1. e4 c5 2. Nf3 d6 3. d4 cxd4 4. Nxd4 Nf6 5. Nc3 g6 6. Be3 Bg7 7. f3 O-O 8. Qd2 Nc6 9. O-O-O d5 10. Kb1 a5 11. Nxc6 bxc6 12. exd5 cxd5 13. Nxd5 Nxd5 14. Qxd5 Qc7 15. Qxa8 Bf5 16. Qxf8+ Kxf8 17. Bd3 Be6 18. Be4 f5 19. Bd3 Qb8 20. Bc1 a4 21. a3 Qb7 22. Be2 Kf7 23. Rhe1 Be5 24. g3 Bd6 25. Ka1 Qc6 26. Kb1 Qb6 27. Ka1 Qf2 28. g4 f4 29. h3 Bc7 30. Bd2 Qc5 31. Bd3 Qd5 32. Rxe6 Qxe6 33. Re1 Qb6 34. Bb4 Bd6 35. Bc4+ Kf8 36. Bxd6 Qxd6 37. Bd3 g5 38. Rc1 Qd4 39. Bxh7 Qh8 40. Be4 Qxh3 41. c4 Ke8 42. c5 Kd8 1/2-1/2

[Event "FIDE WCCC Open-08 2024"]
[Site "Montesilvano"]
[Date "2024.11.23"]
[Round "8.32"]
[White "Saathvik Chakravarthy Ramayana"]
[Black "Szumiec, Jan"]
[Result "1/2-1/2"]
[ECO "B22"]
[WhiteElo "1466"]
[BlackElo "1678"]
[Annotator "NA RC"]
[PlyCount "51"]
[EventDate "2024.11.18"]
[EventType "swiss"]
[EventCountry "ITA"]
[SourceTitle "playchess.com"]
[Source "ChessBase"]
[SourceQuality "1"]
[TimeControl "5400+30"]

1. e4 c5 2. c3 Nf6 3. e5 Nd5 4. d4 cxd4 5. Nf3 Nc6 6. Bc4 Nb6 7. Bb3 d5 8. exd6 Qxd6 9. O-O Be6 10. Bxe6 Qxe6 11. a4 Qd7 12. a5 Nd5 13. Nxd4 e6 14. a6 b6 15. Nd2 Nxd4 16. cxd4 Rc8 17. Nf3 Be7 18. Ne5 Qb5 19. Qg4 Bf6 20. Re1 Nb4 21. Nxf7 Kxf7 22. Qxe6+ Kg6 23. Qg4+ Kf7 24. Qe6+ Kg6 25. Qg4+ Kf7 26. Qe6+ 1/2-1/2